 Dungeon Crawl Stone Soup version 0.20.0-3-g22ec75f (webtiles) character file.

334 Jannitor the Chiller (level 6, -3/41 HPs)
             Began as a Barachi Ice Elementalist on May 27, 2017.
             Killed by nerve-wracking pain
             ... invoked by an orc priest
              (14 damage)
             ... on level 4 of the Dungeon.
             The game lasted 00:08:33 (4015 turns).

Jannitor the Chiller (Barachi Ice Elementalist)     Turns: 4015, Time: 00:08:35

Health: -3/41      AC: 10    Str: 10    XL:     6   Next: 53%
Magic:  8/9        EV: 12    Int: 17    God:
Gold:   172        SH:  0    Dex: 12    Spells: 1/9 levels left

rFire    x . .     SeeInvis .   B - +2 dagger (elec)
rCold    + . .     Gourm    .   (no shield)
rNeg     . . .     Faith    .   k - +3 leather armour
rPois    .         Spirit   .   (no helmet)
rElec    .         Reflect  .   g - +0 cloak
rCorr    .         Harm     .   (no gloves)
MR       .....                  (no boots)
Stlth    +.........             (no amulet)
Regen    0.2/turn               l - ring of ice
MPRegen  0.2/turn               m - +3 ring of protection

@: confused, invisible, slow
A: +LOS, swims, slowness 1, strong legs 1
a: Hop


You were on level 4 of the Dungeon.
You were not hungry.

You visited 1 branch of the dungeon, and saw 4 of its levels.

You collected 172 gold pieces.

Inventory:

Hand Weapons
 e - a +0 short sword
 B - a +2 dagger of electrocution (weapon)
Armour
 a - a +0 robe
 g - a +0 cloak (worn)
 k - a +3 leather armour (worn)
 x - a +0 shield
 z - a +0 buckler
 C - a +1 robe of fire resistance
Jewellery
 l - a ring of ice (left hand)
 m - a +3 ring of protection (right hand)
Scrolls
 d - a scroll of remove curse {unknown}
 f - a scroll of identify
 i - a scroll of fear {unknown}
 j - 2 scrolls of amnesia
 n - a scroll of recharging
 o - 2 scrolls of teleportation {unknown}
 q - a scroll of blinking {unknown}
 s - a scroll of enchant weapon {unknown}
 w - 2 scrolls of fog {unknown}
 y - a scroll of magic mapping {unknown}
 A - a scroll of noise {unknown}
Potions
 h - a potion of invisibility
 r - a potion of curing {unknown}
 u - a potion of lignification {unknown}
Books
 b - a book of Frost

   Spells                             Type                      Level
   a - Freeze                         Ice                          1
   b - Throw Frost                    Conjuration/Ice              2
   c - Ozocubu's Armour               Charms/Ice                   3
   d - Throw Icicle                   Conjuration/Ice              4
   e - Summon Ice Beast               Ice/Summoning                4
Comestibles
 c - 4 bread rations
 p - 4 fruits
 t - a meat ration
 v - a royal jelly


   Skills:
 - Level 2.1 Dodging
 - Level 1.7 Stealth
 - Level 2.1 Spellcasting
   Level 1.1 Conjurations
 + Level 3.0 Summonings
 + Level 7.8 Ice Magic


You had one spell level left.
You knew the following spells:

 Your Spells              Type           Power        Failure   Level  Hunger
a - Freeze                Ice            ####         1%          1    #......
b - Ozocubu's Armour      Chrm/Ice       ###.....     16%         3    ###....
c - Summon Ice Beast      Ice/Summ       ####....     26%         4    #####..


Dungeon Overview and Level Annotations

Branches:
Dungeon (4/15)
 Temple: D:4-7

Altars:
Xom


Innate Abilities, Weirdness & Mutations

Shadows flee at your approach. (+LOS)
You can swim through water.
You cover ground slowly.
You can hop short distances.


Message History

Forget which spell ([?*] list [ESC] exit)?
Okay, then.
The orc wizard shouts!
The orc priest barely misses you.
A worker ant comes into view.
As you read the scroll labeled CAMUCU XUONK, it crumbles to dust.
It is a scroll of recharging.
You aren't carrying any rechargeable items.
The orc priest hits you with a hand axe.
* * * LOW HITPOINT WARNING * * *
Unknown command.
Unknown command.
It was a potion of invisibility.
You fade into invisibility!
The orc priest closely misses you. The orc wizard casts a spell at you.
You are confused.
The orc priest mumbles some strange prayers to Beogh against you.
Pain shoots through your body!
You die...

................)..'.......
........(....##....##..##..
.............########.)##+#
.........##...##........[...
.........#######....##'###..
.........#..........##..##..
.........#....##....##..##..
..o.....(##...##....##รท.####
.........##@..##.........#
>.......o.o.........##..##
..........o...##....##...#
..............########...#
...............# #....#
..##'###.###..## ##...# # #.#
#..# ##### ... ....# ....
...#


You could see 2 orc priests and an orc wizard.

Vanquished Creatures
  A scorpion (D:4)
  A howler monkey (D:4)
  2 orc wizards (D:4)
  4 gnolls (D:2)
  4 adders
  3 oozes
  A worm (D:2)
  3 dart slugs
  4 leopard geckos
  14 orcs
  5 giant cockroaches
  9 goblins
  7 hobgoblins
  4 jackals (D:4)
  8 kobolds
  2 quokkas
  3 ball pythons
  3 bats
  4 frilled lizards
  6 rats
88 creatures vanquished.

Notes
Turn   | Place    | Note
-------+----------+-------------------------------------------
     0 | D:1      | Jannitor the Barachi Ice Elementalist began the quest for the Orb.
     0 | D:1      | Reached XP level 1. HP: 13/13 MP: 3/3
   165 | D:1      | Reached skill level 4 in Ice Magic
   249 | D:1      | Reached XP level 2. HP: 19/19 MP: 3/5
   876 | D:1      | Reached XP level 3. HP: 23/24 MP: 4/6
   955 | D:1      | Reached skill level 5 in Ice Magic
  1548 | D:2      | Found a shimmering altar of Xom.
  1856 | D:2      | Reached XP level 4. HP: 29/30 MP: 4/7
  1933 | D:2      | Learned a level 3 spell: Ozocubu's Armour
  2006 | D:2      | Reached skill level 6 in Ice Magic
  2161 | D:2      | Found a shimmering altar of Xom.
  2162 | D:2      | Found a shimmering altar of Xom.
  2164 | D:2      | Found a shimmering altar of Xom.
  2451 | D:2      | Reached XP level 5. HP: 35/35 MP: 6/8
  2959 | D:3      | Reached skill level 7 in Ice Magic
  3096 | D:3      | Learned a level 4 spell: Summon Ice Beast
  3438 | D:4      | Reached skill level 1 in Summonings
  3586 | D:4      | Reached XP level 6. HP: 39/41 MP: 5/9
  4015 | D:4      | Killed from afar by an orc priest

Skill      XL: |  1  2  3  4  5  6 |
---------------+-------------------+-----
Ice Magic      | 4 5 6 7 |  7.8
Summonings     | 2 3 |  3.0
Dodging        | |  2.1
Stealth        | |  1.7
Spellcasting   | |  2.1
Conjurations   | |  1.1

Action                   |  1- 3 |  4- 6 || total
-------------------------+-------+-------++-------
Melee: Unarmed           |    18 |       ||    18
       Short sword       |    43 |    97 ||   140
       Dagger            |       |     5 ||     5
 Cast: Freeze            |    42 |    64 ||   106
       Ozocubu's Armour  |       |     2 ||     2
 Abil: Hop               |     1 |       ||     1
  Use: Potion            |     1 |     1 ||     2
       Scroll            |       |     3 ||     3
 Stab: Sleeping          |     1 |     2 ||     3
  Eat: Chunk             |     4 |     9 ||    13
Armor: Robe              |     3 |       ||     3
       Leather armour    |    30 |    53 ||    83
Dodge: Dodged            |    59 |   106 ||   165
